 Dungeon Sprint DCSS version 0.19-a0-97-g21dea92 (webtiles) character file.

295058 Kidiri the Ninja (level 18, -3/90 HPs)
             Began as a Spriggan Enchanter on May 16, 2016.
             Was the Champion of Dithmenos.
             Killed from afar by a Hell Sentinel (75 damage)
             ... with an iron shot
             ... in the Dungeon (Sprint III: "The Ten Rune Challenge").
             The game lasted 02:12:40 (17737 turns).

Kidiri the Ninja (Spriggan Enchanter)              Turns: 17737, Time: 02:12:41

Health: -3/90      AC: 12    Str:  4    XL:     18   Next: 55%
Magic:  18/47      EV: 47    Int: 24    God:    Dithmenos [******]
Gold:   861        SH: 18    Dex: 28    Spells: 15 memorised, 3 levels left

rFire  . . .     SeeInvis +     G - +4 arc blade {discharge, rElec}
rCold  . . .     Gourm    .     j - +0 robe of the Peasants {rN++ Int+2}
rNeg   + + .     Faith    .     H - +1 buckler of Melancholy {Regen+ Int-2 Dex+7 SInv}
rPois  .         Spirit   .     x - +1 hat
rElec  +         Dismiss  .     y - +2 cloak {+Inv}
rCorr  .         Reflect  +     (gloves unavailable)
SustAt .         Harm     .     (boots unavailable)
MR     +++..     NoTele   +     m - +6 amulet of reflection
Stlth  ++++++++++               C - ring of the Octopus King {AC+1 EV+1 Str+1 Int+1 Dex+1 Stlth+}
                                c - ring of flight

@: wreathed by umbra, very quick, extremely resistant to hostile enchantments,
uncannily stealthy
A: unfitting armour, hooves 1, horns 1, rough black scales 1, see invisible,
agile 1, herbivore 3, speed 3, frail 1, slow metabolism 2
a: Shadow Step, Shadow Form, Renounce Religion, Evoke Invisibility, Evoke Flight
}: 5/10 runes: serpentine, barnacled, silver, golden, bone


You were in the Dungeon.
You worshipped Dithmenos.
Dithmenos was exalted by your worship.
You were completely stuffed.

You visited 1 branch You collected 4393 gold pieces.
You spent 3438 gold pieces at shops.

Inventory:

Hand Weapons
 F - a +5 dagger of venom
 G - the +4 arc blade (weapon) {discharge, rElec}
   (You acquired it in the Dungeon)

   It insulates you from electricity.
Missiles
 a - 8 throwing nets (quivered)
Armour
 i - a gold dragon hide
 j - the +0 robe of the Peasants (worn) {rN++ Int+2}
   (You acquired it in the Dungeon)

   It affects your intelligence (+2).
   It greatly protects you from negative energy.
 x - a +1 hat (worn)
 y - a +2 cloak of invisibility (worn)
 A - the +2 cloak "Tix Duze" {rElec}
   (You found it in the Dungeon)

   It insulates you from electricity.
 H - the +1 buckler of Melancholy (worn) {Regen+ Int-2 Dex+7 SInv}
   (You acquired it in the Dungeon)

   It affects your intelligence (-2).
   It affects your dexterity (+7).
   It lets you see invisible.
   It increases your rate of regeneration.
Jewellery
 b - an uncursed ring of protection from fire
 c - a ring of flight (left hand)
 k - an uncursed ring of protection from cold
 m - a +6 amulet of reflection (around neck)
 C - a ring of the Octopus King (right hand) {AC+1 EV+1 Str+1 Int+1 Dex+1 Stlth+}
   (You took it off a deep elf demonologist in the Dungeon)

   [ring of stealth]

   It affects your AC (+1).
   It affects your evasion (+1).
   It affects your strength (+1).
   It affects your intelligence (+1).
   It affects your dexterity (+1).
   It makes you more stealthy.
 J - the ring "Puaho" {rF+ rC++ Int+5 Dex-5}
   (You took it off a deep elf high priest in the Dungeon)

   [ring of protection from fire]

   It affects your intelligence (+5).
   It affects your dexterity (-5).
   It protects you from fire.
   It greatly protects you from cold.
 X - the ring of Xom's Passing Interest {rCorr rElec Str-4 Int+3 Dex+3}
   (You found it in the Dungeon)

   [ring of resist corrosion]

   It affects your strength (-4).
   It affects your intelligence (+3).
   It affects your dexterity (+3).
   It insulates you from electricity.
Wands
 l - a wand of disintegration (3/24)
 o - a wand of iceblast (8/15)
 z - a wand of heal wounds (4/9)
 O - a wand of hasting (3/9)
Scrolls
 f - 3 scrolls of recharging
 n - 2 scrolls of torment
 p - a scroll of fog
 v - 2 scrolls of remove curse
 E - a scroll of silence
 K - 3 scrolls of amnesia
Potions
 g - a potion of resistance
 q - 5 potions of cure mutation
 r - 7 potions of flight
 s - a potion of might
 u - a potion of invisibility
 B - a potion of lignification
 D - 3 potions of heal wounds
 I - 2 potions of curing
 L - a potion of agility
Miscellaneous
 t - a plain deck of destruction {the Hammer}
 S - an ornate deck of wonders {the Alchemist, drawn: 1}
Comestibles
 h - 22 royal jellies


   Skills:
 + Level 13.6 Fighting
 * Level 23.0 Short Blades
 + Level 12.6 Armour
 O Level 27 Dodging
 O Level 27 Stealth
 + Level 10.7 Shields
 * Level 24.6 Spellcasting
 + Level 12.7 Conjurations
 + Level 18.6 Hexes
 + Level 20.5 Charms
 + Level 17.8 Translocations
 + Level 16.9 Transmutations
 + Level 13.6 Ice Magic
 + Level 16.5 Air Magic
 + Level 12.6 Earth Magic
 - Level 2.8 Invocations
 - Level 15.2 Evocations


You had 3 spell levels left.
You knew the following spells:

 Your Spells              Type           Power        Failure   Level  Hunger
a - Invisibility          Hex            #######.     1%          6    None
b - Ensorcelled Hibernat  Hex/Ice        ######       0%          2    None
c - Confuse               Hex            #######.     0%          3    None
d - Tukima's Dance        Hex            #######.     0%          3    None
e - Dazzling Spray        Conj/Hex       ######       0%          3    None
f - Airstrike             Air            #######...   0%          4    None
g - Deflect Missiles      Chrm/Air       #######...   1%          6    None
h - Conjure Ball Lightni  Conj/Air       #######...   1%          6    None
i - Tornado               Air            #######...   89%         9    ######.
j - Passwall              Trmt/Erth      #######...   0%          2    None
k - Passage of Golubria   Tloc           N/A          0%          4    None
l - Lee's Rapid Deconstr  Erth           ######....   1%          5    None
m - Ozocubu's Armour      Chrm/Ice       #######.     0%          3    None
n - Stone Arrow           Conj/Erth      ######       1%          3    None
o - Throw Icicle          Conj/Ice       #######.     1%          4    None


Dungeon Overview and Level Annotations

Branches:
Dungeon (1/1)

Altars:
Cheibriados
Dithmenos
Elyvilon
Fedhas
Gozag
Kikubaaqudgha
Makhleb
Nemelex Xobeh
Okawaru
Pakellas
Qazlal
Ru
Sif Muna
Trog
Vehumet
Xom
Yredelemnul
Zin
The Shining One
Jiyva
Lugonu

Shops:
D [%:[}=?([%[}?%%}!(*:?[}=

Annotations:
D Dispater


Innate Abilities, Weirdness & Mutations

You are tiny and cannot use many weapons and most armour.
You have supernaturally acute eyesight.
You are a herbivore.
You cover ground extremely quickly.
You need consume almost no food.
You have large cloven feet.
You have a pair of small horns on your head.
You are partially covered in rough black scales (AC +4, Dex -1).
You are agile. (Dex +2)
You are frail (-10% HP).


Message History

Press: ? - help, Dir - move target cursor, f/p - Dispater
Aim: Dispater, wielding a golden staff (black smoke, almost dead, umbra)
The air twists around and strikes Dispater!
Dispater is almost dead.
You block the Hell Sentinel's attack. x2; The Hell Sentinel closely misses you.
The Hell Sentinel completely misses you.
Dispater barely misses you. The balrug gestures at you.
The sticky flame misses you. The lorocyproca completely misses you.
Casting: Airstrike
Confirm with . or Enter, or press ? or * to list all spells.
Aiming: Airstrike
Press: ? - help, Dir - move target cursor, f/p - Dispater
Aim: Dispater, wielding a golden staff (black smoke, almost dead, umbra)
The air twists around and strikes Dispater!
Dispater is almost dead.
The Hell Sentinel gestures at you. The iron shot hits you!
Ouch! That really hurt!
You die...

* #∩...........#▓≈≈≈≈≈≈≈≈≈≈.∩
##:..........#▓.≈≈≈≈≈≈≈≈..[
#############▓▓▓▓▓▓▓▓▓▓▓▓▓
***********######################
,∆,∆∆**,+,,#.......##)(..(.≈)#..[
,******^*,,+..####'##≈......(#...
,≈≈≈≈**,***#..#§...##.......(#+##
≈≈≈≈,**^*,∆##'#12..##.......('(..
≈≈≈≈,**^*,∆#..#1@2}##........#'##
≈≈,,,**,+,,#..#&§§§##≈......≈#≈≈≈
,,,,,**#####''#######)≈....≈(#'#+
,,,,,*##§#§#.)#.#.######''####.#.
,,,,8*#.^.^)..^^...##%[+.....#'##
############'###############.#.%'
..........§.§§§..§.§#§..# ##.####
..)))§(....§.§......#.§.###...###
..)))}.§..§.........'.§§'...:...'


You could see Dispater, 2 Hell Sentinels, a lorocyproca (invisible) and a
balrug.

Vanquished Creatures
  Gloorx Vloq (D)
  Ereshkigal (D)
  Mennas (D)
  Mara (D)
  Boris (D)
  8 greater mummies (D)
  Norris (D)
  Geryon (D)
  Nikola (D)
  2 golden dragons (D)
  A bone dragon (D)
  An iron giant (D)
  A lich (D)
  Rupert (D)
  A titan (D)
  A deep elf master archer (D)
  Frances (D)
  An ancient champion (D)
  Polyphemus (D)
  Gastronok (D)
  Roxanne (D)
  Chuck (D)
  A storm dragon (D)
  3 shadow dragons (D)
  A greater naga (D)
  4 azure jellies (D)
  A fire giant (D)
  Ilsuiw (D)
  2 frost giants (D)
  Maud (D)
  3 ghost moths (D)
  Wiglaf (D)
  3 war gargoyles (D)
  3 vampire knights (D)
  3 stone giants (D)
  3 deep elf demonologists (D)
  2 dire elephants (D)
  A deep elf annihilator (D)
  Azrael (D)
  A merfolk javelineer (D)
  12 vault guards (D)
  A fire dragon (D)
  8 mummy priests (D)
  2 deep elf high priests (D)
  5 yaktaur captains (D)
  2 hydras (D)
  A naga warrior (D)
  2 hell beasts (D)
  3 centaur warriors (D)
  Erica (D)
  4 anacondas (D)
  An ogre mage (D)
  4 death yaks (D)
  4 dancing weapons (D)
  An iron elemental (D)
  An iron golem (D)
  A titan zombie (D)
  4 orc high priests (D)
  A deep elf knight (D)
  2 sun demons (D)
  2 soul eaters (D)
  A golden dragon zombie (D)
  A sea snake (shapeshifter) (D)
  A shadow wraith (D)
  8 skeletal warriors (D)
  A sea snake (D)
  A death drake (D)
  A swamp dragon (shapeshifter) (D)
  An orange crystal statue (D)
  2 unseen horrors (D)
  An anaconda zombie (D)
  A spriggan druid (D)
  2 obsidian statues (D)
  A hill giant (shapeshifter) (D)
  A spectral iron dragon (D)
  A lindwurm (D)
  5 deep elf magi (D)
  4 crystal guardians (D)
  An orc sorcerer (D)
  A hornet (D)
  2 oklob plants (D)
  A guardian serpent (D)
  A molten gargoyle (D)
  An iron troll simulacrum (D)
  2 stone giant skeletons (D)
  7 statues (D)
  2 elephants (D)
  6 black mambas (D)
  A torpor snail (shapeshifter) (D)
  2 spiny frogs (D)
  A rime drake (D)
  9 yaktaurs (D)
  2 ice devils (D)
  A komodo dragon (D)
  3 wandering mushrooms (D)
  A queen bee (D)
  4 spriggan defenders (D)
  2 giant leeches (D)
  31 guardian mummies (D)
  10 slime creatures (D)
  A boulder beetle (shapeshifter) (D)
  A slime creature (shapeshifter) (D)
  8 blink frogs (D)
  3 redbacks (D)
  9 shadows (D)
  2 spriggans (D)
  A swamp worm (shapeshifter) (D)
  A spatial vortex (D)
  A naga (D)
  A giant eyeball (shapeshifter) (D)
  4 hydra simulacra (D)
  7 water moccasins (D)
  A giant eyeball (D)
  3 orc warriors (D)
  A swamp drake (D)
  A necrophage (D)
  A black bear (shapeshifter) (D)
  2 wasps (D)
  2 centaurs (D)
  An earth elemental (D)
  A water elemental (D)
  32 killer bees (D)
  7 electric eels (D)
  12 quasits (D)
  A jelly (D)
  Crazy Yiuf (D)
  2 orc priests (D)
  4 orc wizards (D)
  A wizard (D)
  3 necromancers (D)
  3 sheep (D)
  A wolf simulacrum (D)
  3 humans (D)
  A kobold demonologist (D)
  3 adders (D)
  An ooze (D)
  8 orcs (D)
  2 bat zombies (D)
  A ball python simulacrum (D)
  3 giant cockroach simulacra (D)
  3 rats (D)
  3 ballistomycetes (D)
  A bush (D)
  3 butterflies (D)
  2 plants (D)
404 creatures vanquished.

Vanquished Creatures (collateral kills)
  A vampire knight (D)
  4 vault guards (D)
  A naga (D)
6 creatures vanquished.

Vanquished Creatures (others)
  2 sphinxes (D)
  2 draconian scorchers (D)
  A war gargoyle (D)
  A mummy priest (D)
  A statue (D)
  A skeletal warrior (D)
  3 yaktaurs (D)
  19 ball lightnings (D)
  2 dancing weapons (D)
  A big kobold (D)
  A bush (D)
  A butterfly (D)
  4 giant spores (D)
39 creatures vanquished.

Grand Total: 449 creatures vanquished

Notes
Turn   | Place    | Note
--------------------------------------------------------------
     0 | D        | Kidiri the Spriggan Enchanter began the quest for the Orb.
     0 | D        | Reached XP level 1. HP: 9/9 MP: 5/5
    11 | D        | Reached skill level 5 in Stealth
    58 | D        | Noticed Crazy Yiuf
    61 | D        | Killed Crazy Yiuf
    61 | D        | Reached skill level 1 in Fighting
    61 | D        | Reached skill level 1 in Armour
    61 | D        | Reached XP level 2. HP: 14/14 MP: 6/8
    61 | D        | Reached XP level 3. HP: 18/18 MP: 6/9
    69 | D        | Learned a level 2 spell: Ensorcelled Hibernation
    73 | D        | Learned a level 3 spell: Confuse
    77 | D        | Learned a level 3 spell: Dazzling Spray
    92 | D        | Killed a yaktaur
    95 | D        | Reached skill level 5 in Dodging
   130 | D        | Gained mutation: Your muscles are strong. (Str +2) [potion of mutation]
   130 | D        | Gained mutation: You are frail (-10% HP). [potion of mutation]
   131 | D        | Gained mutation: You are agile. (Dex +2) [potion of mutation]
   131 | D        | Gained mutation: You have a pair of small horns on your head. [potion of mutation]
   131 | D        | Gained mutation: You are partially covered in rough black scales (AC +4, Dex -1). [potion of mutation]
   147 | D        | Noticed a water elemental
   165 | D        | Killed a water elemental
   165 | D        | Reached skill level 5 in Spellcasting
   165 | D        | Reached skill level 1 in Conjurations
   165 | D        | Reached skill level 1 in Ice Magic
   165 | D        | Reached XP level 4. HP: 20/20 MP: 1/12
   174 | D        | Learned a level 3 spell: Tukima's Dance
   219 | D        | Killed a white draconian scorcher
   226 | D        | Killed a white draconian scorcher
   252 | D        | Noticed a shadow
   272 | D        | Killed a yaktaur
   303 | D        | Killed a shadow
   303 | D        | Reached skill level 5 in Short Blades
   303 | D        | Reached skill level 5 in Hexes
   303 | D        | Reached XP level 5. HP: 6/24 MP: 3/15
   303 | D        | Reached XP level 6. HP: 7/28 MP: 3/16
   551 | D        | Found an oddly glowing altar of Pakellas.
   551 | D        | Found a stormy altar of Qazlal.
   552 | D        | Found a sacrificial altar of Ru.
   552 | D        | Found a burning altar of Makhleb.
   552 | D        | Found a viscous altar of Jiyva.
   552 | D        | Found a shimmering altar of Xom.
   552 | D        | Found a shadowy altar of Dithmenos.
   552 | D        | Found a sparkling altar of Nemelex Xobeh.
   552 | D        | Found a corrupted altar of Lugonu.
   552 | D        | Found an opulent altar of Gozag.
   552 | D        | Noticed a spatial vortex
   556 | D        | Became a worshipper of Dithmenos the Shadowed
   585 | D        | HP: 1/28 [spatial vortex (27)]
   690 | D        | Killed a spatial vortex
   690 | D        | Reached skill level 1 in Invocations
   899 | D        | Found a radiant altar of Vehumet.
   900 | D        | Found a deep blue altar of Sif Muna.
   900 | D        | Found an ancient bone altar of Kikubaaqudgha.
   903 | D        | Reached skill level 10 in Stealth
   915 | D        | Learned a level 4 spell: Airstrike
   925 | D        | Found a glowing silver altar of Zin.
   926 | D        | Found a glowing golden altar of the Shining One.
   926 | D        | Found a white marble altar of Elyvilon.
   926 | D        | Noticed a deep elf mage
   928 | D        | Killed a deep elf mage
   928 | D        | Reached * piety under Dithmenos
   928 | D        | Reached skill level 1 in Air Magic
   928 | D        | Reached XP level 7. HP: 32/32 MP: 17/19
   939 | D        | Learned a level 6 spell: Deflect Missiles
   947 | D        | Found an iron altar of Okawaru.
   948 | D        | Found a bloodstained altar of Trog.
   948 | D        | Noticed a human
   948 | D        | Noticed a human
   950 | D        | Killed a human
   950 | D        | Reached skill level 1 in Charms
   950 | D        | Reached XP level 8. HP: 37/37 MP: 19/21
   951 | D        | Reached skill level 10 in Dodging
   965 | D        | Found a snail-covered altar of Cheibriados.
   966 | D        | Found a basalt altar of Yredelemnul.
   966 | D        | Found a blossoming altar of Fedhas.
   967 | D        | Reached ** piety under Dithmenos
   985 | D        | Noticed Erica
   988 | D        | Killed Erica
  1009 | D        | Reached XP level 9. HP: 40/40 MP: 23/23
  1014 | D        | Noticed a centaur warrior
  1028 | D        | Killed a centaur warrior
  1028 | D        | Reached *** piety under Dithmenos
  1028 | D        | Reached skill level 10 in Spellcasting
  1028 | D        | Reached skill level 5 in Evocations
  1321 | D        | Noticed an unseen horror
  1321 | D        | Noticed an unseen horror
  1324 | D        | Killed an unseen horror
  1324 | D        | Reached skill level 5 in Charms
  1328 | D        | Killed an unseen horror
  1334 | D        | Noticed a queen bee
  1334 | D        | Killed a yaktaur
  1343 | D        | Reached XP level 10. HP: 45/45 MP: 18/25
  1345 | D        | Reached **** piety under Dithmenos
  1345 | D        | Reached skill level 5 in Fighting
  1360 | D        | Reached ***** piety under Dithmenos
  1390 | D        | Reached skill level 10 in Short Blades
  1606 | D        | Reached skill level 5 in Ice Magic
  1612 | D        | Reached ****** piety under Dithmenos
  1966 | D        | Noticed a spiny frog
  1966 | D        | Noticed a spiny frog
  1971 | D        | Killed a spiny frog
  1971 | D        | Reached skill level 5 in Armour
  1973 | D        | Killed a spiny frog
  2006 | D        | Reached skill level 5 in Air Magic
  2015 | D        | Reached skill level 15 in Stealth
  2015 | D        | Reached skill level 5 in Conjurations
  2023 | D        | Learned a level 6 spell: Conjure Ball Lightning
  2025 | D        | Noticed a lindwurm
  2028 | D        | Killed a lindwurm
  2028 | D        | Reached XP level 11. HP: 50/50 MP: 25/28
  2038 | D        | Noticed Maud
  2040 | D        | Killed Maud
  2045 | D        | Noticed a five-headed hydra
  2045 | D        | Noticed a seven-headed hydra
  2048 | D        | Killed a five-headed hydra
  2064 | D        | Killed a seven-headed hydra
  2153 | D        | Noticed a death drake
  2156 | D        | Killed a death drake
  2163 | D        | Found a blossoming altar of Fedhas.
  2163 | D        | Noticed a spriggan druid
  2166 | D        | Killed a spriggan druid
  2166 | D        | Reached skill level 10 in Hexes
  2171 | D        | Reached skill level 15 in Dodging
  2234 | D        | Noticed Polyphemus
  2235 | D        | Noticed Ilsuiw
  2237 | D        | Killed Polyphemus
  2239 | D        | Killed Ilsuiw
  2246 | D        | Found Ifoat's Jewellery Emporium.
  2246 | D        | Noticed a sea snake
  2248 | D        | Killed a sea snake
  2248 | D        | Reached XP level 12. HP: 55/55 MP: 6/30
  2251 | D        | Found Fiuc Hot's Magic Scroll Shop.
  2252 | D        | Found Nuweivve's Antique Weapon Shoppe.
  2253 | D        | Noticed a merfolk javelineer
  2255 | D        | Killed a merfolk javelineer
  2268 | D        | Got a barnacled rune of Zot
  2448 | D        | Noticed Rupert
  2454 | D        | Killed Rupert
  2466 | D        | Learned a level 9 spell: Tornado
  2479 | D        | Noticed a death yak
  2480 | D        | Noticed a death yak
  2480 | D        | Noticed an azure jelly
  2480 | D        | Noticed a death yak
  2480 | D        | Noticed an azure jelly
  2480 | D        | Noticed a death yak
  2481 | D        | Killed a death yak
  2481 | D        | Reached skill level 10 in Charms
  2482 | D        | Killed a death yak
  2485 | D        | Killed a death yak
  2485 | D        | Reached skill level 10 in Evocations
  2493 | D        | Killed a death yak
  2574 | D        | Noticed an anaconda
  2574 | D        | Noticed an anaconda
  2574 | D        | Noticed an anaconda
  2576 | D        | Killed an anaconda
  2577 | D        | Killed an anaconda
  2580 | D        | Killed an anaconda
  2648 | D        | Noticed an anaconda
  2679 | D        | Killed an anaconda
  2819 | D        | Reached XP level 13. HP: 60/60 MP: 24/32
  2933 | D        | Noticed a greater naga
  2933 | D        | Found Odghutz's Antique Armour Boutique.
  2933 | D        | Found Yfroh's Food Emporium.
  2933 | D        | Found Notaon's Book Shop.
  2962 | D        | Killed a greater naga
  2962 | D        | Reached skill level 15 in Spellcasting
  3263 | D        | Got a serpentine rune of Zot
  3340 | D        | Noticed an azure jelly
  3340 | D        | Noticed an azure jelly
  3341 | D        | Noticed a dire elephant
  3341 | D        | Noticed a dire elephant
  3341 | D        | Noticed Gastronok
  3343 | D        | Killed Gastronok
  3344 | D        | Killed a dire elephant
  3346 | D        | Killed a dire elephant
  3458 | D        | Found Yloedief's Armour Boutique.
  3555 | D        | Bought a +0 buckler for 49 gold pieces
  3694 | D        | Bought a book of Burglary for 750 gold pieces
  3699 | D        | Learned a level 2 spell: Passwall
  3852 | D        | Bought an uncursed ring of flight for 192 gold pieces
  3852 | D        | Bought a +6 amulet of reflection for 275 gold pieces
  3852 | D        | Bought a +5 ring of intelligence for 453 gold pieces
  3852 | D        | Bought a +5 ring of dexterity for 453 gold pieces
  3853 | D        | Bought a scroll of identify for 24 gold pieces
  3853 | D        | Bought a scroll of identify for 24 gold pieces
  3853 | D        | Bought a scroll of enchant armour for 90 gold pieces
  3853 | D        | Bought a scroll of identify for 24 gold pieces
  3901 | D        | Learned a level 4 spell: Passage of Golubria
  3992 | D        | Noticed a deep elf demonologist
  4000 | D        | Reached skill level 1 in Translocations
  4000 | D        | Reached skill level 1 in Transmutations
  4005 | D        | Reached skill level 1 in Earth Magic
  4132 | D        | Noticed a green death
  4133 | D        | Noticed a deep elf demonologist
  4228 | D        | Noticed a deep elf annihilator
  4234 | D        | Killed a deep elf demonologist
  4235 | D        | Noticed a deep elf demonologist
  4235 | D        | Noticed a deep elf master archer
  4290 | D        | Noticed a green death
  4415 | D        | Noticed a reaper
  4677 | D        | Killed a deep elf demonologist
  4677 | D        | Reached skill level 1 in Shields
  4955 | D        | Killed a deep elf annihilator
  5333 | D        | Killed a deep elf demonologist
  5333 | D        | Reached skill level 15 in Short Blades
  5478 | D        | Killed a deep elf master archer
  5488 | D        | Got a ring of the Octopus King
  5492 | D        | Got a steaming golden ring
  5504 | D        | Identified Qanolasch's Disquisition on Assistive Snow
  5513 | D        | Got a brightly glowing cloak
  5515 | D        | Got a crude turquoise ring
  5574 | D        | Identified the +0 cloak of Okawaru's Displeasure {rF+ rCorr Str+4 Int-4 SInv} (You found it in the Dungeon)
  5608 | D        | Identified a ring of the Octopus King {AC+1 EV+1 Str+1 Int+1 Dex+1 Stlth+} (You took it off a deep elf demonologist in the Dungeon)
  5612 | D        | Identified the ring "Puaho" {rF+ rC++ Int+5 Dex-5} (You took it off a deep elf high priest in the Dungeon)
  5614 | D        | Identified the ring of Xom's Passing Interest {rCorr rElec Str-4 Int+3 Dex+3} (You found it in the Dungeon)
  5634 | D        | Got a warped lajatang {flame}
  5812 | D        | Noticed Wiglaf
  5812 | D        | Noticed Frances
  5850 | D        | Killed Frances
  5850 | D        | Reached XP level 14. HP: 64/66 MP: 0/35
  5859 | D        | Killed Wiglaf
  6076 | D        | Found Iheluat's Antique Weapon Emporium.
  6076 | D        | Found Echuedwu's Book Shop.
  6076 | D        | Found Zeqaer's Gadget Boutique.
  6076 | D        | Found Zutain's Jewellery Shoppe.
  6076 | D        | Found Qiovvat's Distillery.
  6076 | D        | Found Mef Ippesh's Assorted Antiques.
  6076 | D        | Found Ozalen's Food Shoppe.
  6076 | D        | Found Liel's Gadget Shop.
  6076 | D        | Found Ygeum's Food Shop.
  6076 | D        | Found Puewkyiwn's Antique Armour Emporium.
  6076 | D        | Found Niommoj's Magic Scroll Emporium.
  6076 | D        | Found Zaoc's Magic Scroll Boutique.
  6091 | D        | Bought a scroll of enchant armour for 97 gold pieces
  6091 | D        | Bought a scroll of identify for 26 gold pieces
  6091 | D        | Bought a scroll of identify for 26 gold pieces
  6091 | D        | Bought a scroll of enchant weapon for 97 gold pieces
  6091 | D        | Bought a scroll of identify for 26 gold pieces
  6091 | D        | Bought a scroll of magic mapping for 45 gold pieces
  6289 | D        | Reached skill level 5 in Translocations
  6289 | D        | Reached skill level 5 in Transmutations
  6519 | D        | Noticed Azrael
  6521 | D        | Killed Azrael
  6849 | D        | Noticed Chuck
  7101 | D        | Killed Chuck
  7112 | D        | Got a heavily runed cloak
  7148 | D        | Identified the +2 cloak "Tix Duze" {rElec} (You found it in the Dungeon)
  7249 | D        | Noticed Norris
  7256 | D        | Killed Norris
  7288 | D        | Noticed a lich
  7290 | D        | Killed a lich
  7380 | D        | Bought a scroll of blinking for 105 gold pieces
  7380 | D        | Bought a scroll of identify for 28 gold pieces
  7380 | D        | Bought a scroll of identify for 28 gold pieces
  7380 | D        | Bought a scroll of identify for 28 gold pieces
  7383 | D        | Drew Focus: Int increased to 20, Str decreased to 3
  7477 | D        | Noticed a shadow dragon
  7478 | D        | Noticed a shadow dragon
  7479 | D        | Killed a shadow dragon
  7482 | D        | Killed a shadow dragon
  7482 | D        | Reached skill level 5 in Earth Magic
  7685 | D        | Learned a level 5 spell: Lee's Rapid Deconstruction
  7686 | D        | Noticed a vampire knight
  7694 | D        | Killed a vampire knight
  7694 | D        | Reached XP level 15. HP: 71/71 MP: 14/37
  7866 | D        | Noticed a bone dragon
  7868 | D        | Killed a bone dragon
  7889 | D        | Reached skill level 10 in Air Magic
  8033 | D        | Noticed a sphinx
  8033 | D        | Noticed a sphinx
  8072 | D        | Killed a sphinx
  8073 | D        | Killed a sphinx
  9045 | D        | Noticed a greater mummy
  9045 | D        | Noticed a greater mummy
  9558 | D        | Reached skill level 5 in Shields
 10080 | D        | Killed a greater mummy
 10080 | D        | Reached skill level 10 in Fighting
 10080 | D        | Reached skill level 10 in Ice Magic
 10556 | D        | Killed a greater mummy
 10556 | D        | Reached skill level 15 in Charms
 10556 | D        | Reached skill level 10 in Translocations
 10578 | D        | Reached skill level 10 in Transmutations
 10587 | D        | Got a golden rune of Zot
 10596 | D        | Got a serpentine lead amulet
 10598 | D        | Identified the amulet "Omot" {Spirit +Blink rPois} (You found it in the Dungeon)
 10986 | D        | Got a transparent buckler
 10997 | D        | Identified the +1 buckler of Melancholy {Regen+ Int-2 Dex+7 SInv} (You acquired it in the Dungeon)
 11000 | D        | Got a dull robe
 11011 | D        | Identified the +0 robe of the Peasants {rN++ Int+2} (You acquired it in the Dungeon)
 11632 | D        | Lost strength.
 11632 | D        | Lost mutation: Your muscles are strong. (Str +2) [helix card]
 11632 | D        | Gained mutation: You possess an exceptional clarity of mind. [helix card]
 11657 | D        | Lost mutation: You possess an exceptional clarity of mind. [helix card]
 11657 | D        | Gained mutation: You have large cloven feet. [helix card]
 11901 | D        | Lost strength.
 12084 | D        | Noticed Boris
 12091 | D        | Killed Boris
 12132 | D        | Reached XP level 16. HP: 67/67 MP: 40/40
 12139 | D        | Found Kosok Fun's Armour Emporium.
 12139 | D        | Found Ezis's Armour Shop.
 12139 | D        | Found Hytas's Food Shop.
 12139 | D        | Found Imiacubb's Gadget Shoppe.
 12267 | D        | Found Odaxtiph's Gadget Boutique.
 12285 | D        | Noticed Roxanne
 12295 | D        | Killed Roxanne
 12309 | D        | Learned a level 6 spell: Invisibility
 12606 | D        | Noticed a titan
 12606 | D        | Noticed a shadow dragon
 12606 | D        | Noticed a golden dragon
 12607 | D        | Noticed a golden dragon
 12619 | D        | Reached skill level 15 in Evocations
 12702 | D        | Reached skill level 15 in Hexes
 13144 | D        | Hired Xoadweng the big kobold for 94 gold.
 13151 | D        | Killed a golden dragon
 13151 | D        | Reached skill level 10 in Armour
 13151 | D        | Reached skill level 10 in Conjurations
 13247 | D        | Your ally Xoadweng died
 13464 | D        | Killed a titan
 13576 | D        | Bought a scroll of recharging for 123 gold pieces
 13579 | D        | Bought a scroll of recharging for 133 gold pieces
 13701 | D        | Bought 3 scrolls of recharging for 342 gold pieces
 14160 | D        | Killed a shadow dragon
 14263 | D        | Killed a golden dragon
 14558 | D        | Got a silver rune of Zot
 14740 | D        | Noticed Mennas
 14863 | D        | Killed Mennas
 14863 | D        | Reached skill level 27 in Stealth
 15523 | D        | Noticed Mara
 15525 | D        | Killed Mara
 15525 | D        | Reached XP level 17. HP: 83/83 MP: 37/43
 15831 | D        | Noticed Nikola
 15841 | D        | Killed Nikola
 15841 | D        | Reached skill level 10 in Earth Magic
 16074 | D        | Learned a level 3 spell: Ozocubu's Armour
 16081 | D        | Learned a level 3 spell: Stone Arrow
 16232 | D        | Noticed Geryon
 16235 | D        | Killed Geryon
 16289 | D        | Noticed a greater mummy
 16293 | D        | Killed a greater mummy
 16293 | D        | Reached skill level 15 in Translocations
 16441 | D        | Noticed Gloorx Vloq
 16446 | D        | Killed Gloorx Vloq
 16464 | D        | Noticed a greater mummy
 16466 | D        | Killed a greater mummy
 16466 | D        | Reached skill level 15 in Transmutations
 16543 | D        | Noticed a greater mummy
 16545 | D        | Killed a greater mummy
 16570 | D        | Noticed a greater mummy
 16572 | D        | Killed a greater mummy
 16572 | D        | Reached skill level 27 in Dodging
 16572 | D        | Reached skill level 15 in Air Magic
 16654 | D        | Reached XP level 18. HP: 77/89 MP: 0/46
 16913 | D        | Noticed a greater mummy
 16913 | D        | Noticed Ereshkigal
 16913 | D        | Noticed a greater mummy
 16916 | D        | Killed Ereshkigal
 16916 | D        | Reached skill level 10 in Shields
 16917 | D        | Killed a greater mummy
 17008 | D        | Killed a greater mummy
 17099 | D        | Got a bone rune of Zot
 17287 | D        | Learned a level 4 spell: Throw Icicle
 17668 | D        | Noticed an iron giant
 17671 | D        | Killed an iron giant
 17728 | D        | Noticed a Hell Sentinel
 17728 | D        | Noticed a Hell Sentinel
 17728 | D        | Noticed Dispater
 17737 | D        | Killed from afar by a Hell Sentinel

Vault maps used:
D:        dungeon_sprint_mu

Skill      XL: |  1  2  3  4  5  6  7  8  9 10 11 12 13 14 15 16 17 18 |
---------------+-------------------------------------------------------+-----
Stealth        | 6 7 9 11 12 13 15 16 18 20 22 24 27 | 27.0
Spellcasting   | 4 5 6 8 9 10 12 13 14 16 17 19 21 23 24 | 24.6
Fighting       | 1 2 3 4 5 6 7 8 9 10 11 12 13 | 13.6
Short Blades   | 3 4 5 7 8 9 11 12 13 15 16 18 19 21 23 | 23.0
Armour         | 1 2 3 4 5 6 7 8 9 10 11 12 | 12.6
Dodging        | 4 6 7 9 11 12 14 15 17 19 20 22 24 27 | 27.0
Hexes          | 4 5 6 7 8 9 10 11 12 13 14 16 17 18 | 18.6
Conjurations   | 1 3 4 5 6 7 8 9 10 11 12 | 12.7
Ice Magic      | 1 2 3 4 5 6 7 8 9 10 11 12 13 | 13.6
Invocations    | 2 |  2.8
Air Magic      | 1 3 4 5 6 7 8 9 10 12 15 16 | 16.5
Evocations     | 2 3 4 5 7 9 10 12 13 14 15 | 15.2
Charms         | 1 3 5 7 9 11 12 13 15 17 19 20 | 20.5
Translocations | 4 8 10 13 16 17 | 17.8
Transmutations | 3 7 10 13 15 16 | 16.9
Earth Magic    | 2 5 7 9 11 12 | 12.6
Shields        | 2 4 5 7 9 10 | 10.7

Action                   |  1- 3 |  4- 6 |  7- 9 | 10-12 | 13-15 | 16-18 || total
-------------------------+-------+-------+-------+-------+-------+-------++-------
Melee: Dagger            |    13 |    21 |    20 |   135 |    94 |       ||   283
       Headbutt          |       |     1 |     1 |    12 |    33 |    79 ||   126
       Quick blade       |       |       |       |       |    78 |       ||    78
       Rapier            |       |       |       |       |    34 |   434 ||   468
       Kick              |       |       |       |       |       |   149 ||   149
Throw: Throwing net      |       |       |       |       |     7 |       ||     7
 Cast: Dazzling Spray    |     2 |    14 |     3 |    15 |   102 |    19 ||   155
       Ensorcelled Hiber |       |       |     3 |    59 |     5 |    11 ||    78
       Confuse           |       |       |     1 |     5 |     5 |     4 ||    15
       Airstrike         |       |       |       |       |    82 |    66 ||   148
       Tukima's Dance    |       |       |       |       |    19 |    14 ||    33
       Passwall          |       |       |       |       |     4 |     1 ||     5
       Conjure Ball Ligh |       |       |       |       |     5 |     6 ||    11
       Deflect Missiles  |       |       |       |       |     2 |       ||     2
       Lee's Rapid Decon |       |       |       |       |    18 |    41 ||    59
       Invisibility      |       |       |       |       |       |     3 ||     3
       Stone Arrow       |       |       |       |       |       |     1 ||     1
Invok: Shadow Step       |       |       |     1 |    15 |    20 |     7 ||    43
 Abil: Evoke Flight      |       |       |       |       |     9 |     1 ||    10
Evoke: Deck              |       |       |       |       |     7 |     1 ||     8
       Wand              |       |       |       |       |       |    16 ||    16
  Use: Scroll            |     4 |       |       |       |    33 |    10 ||    47
       Potion            |     3 |     2 |     1 |       |     1 |     7 ||    14
 Stab: Sleeping          |     4 |     4 |    10 |    67 |    83 |    73 ||   241
       Confused          |       |       |     2 |     4 |     1 |     1 ||     8
       Invisible         |       |       |     1 |     7 |     7 |     2 ||    17
       Distracted        |       |       |       |     1 |     1 |    11 ||    13
       Held in net/web   |       |       |       |       |     7 |       ||     7
  Eat: Bread ration      |       |       |       |     1 |     1 |       ||     2
       Pizza             |       |       |       |       |     1 |       ||     1
       Fruit             |       |       |       |       |       |     8 ||     8
       Royal jelly       |       |       |       |       |       |     5 ||     5
Armor: Robe              |       |       |     1 |    10 |     5 |     8 ||    24
Dodge: Dodged            |     4 |     9 |    15 |   137 |   151 |   315 ||   631
       Deflected         |       |       |       |       |     4 |     2 ||     6
Block: Buckler           |       |       |       |       |    83 |   278 ||   361
       Reflection        |       |       |       |       |     5 |    17 ||    22
